 Dungeon Crawl Stone Soup version 0.20.1-1-g8b1a95d (webtiles) character file.

480 VajrapaniSR the Chopper (level 6, -4/57 HPs)
             Began as a Minotaur Berserker on July 3, 2017.
             Was a Believer of Trog.
             Slain by a gnoll (5 damage)
             ... on level 5 of the Dungeon.
             The game lasted 00:06:19 (901 turns).

VajrapaniSR the Chopper (Minotaur Berserker)         Turns: 901, Time: 00:06:20

Health: -4/57      AC:  8    Str: 21    XL:     6   Next: 86%
Magic:  5/5        EV:  8    Int:  4    God:    Trog [**....]
Gold:   120        SH:  0    Dex: 12    Spells: 5/5 levels left

rFire    + + .     SeeInvis .   m - -3 war axe (curse)
rCold    . . .     Gourm    .   (no shield)
rNeg     . . .     Faith    .   j - +0 chain mail "Kualu" {*Corrode rF++} (curse)
rPois    .         Spirit   .   (helmet restricted)
rElec    .         Reflect  .   (no cloak)
rCorr    .         Harm     .   (no gloves)
MR       ++...                  (no boots)
Stlth    ..........             (no amulet)
Regen    1.2/turn               (no ring)
MPRegen  0.1/turn               (no ring)

@: lethally poisoned (-4 -> -4), berserk cooldown, regenerating, slowed, very
slow
A: retaliatory headbutt, horns 2
a: Berserk, Trog's Hand, Burn Spellbooks, Renounce Religion


You were on level 5 of the Dungeon.
You worshipped Trog.
Trog was pleased with you.
You were near starving.

You visited 1 branch of the dungeon, and saw 6 of its levels.

You collected 120 gold pieces.

Inventory:

Hand Weapons
 a - a +0 hand axe
 h - a +0 dire flail
 m - a cursed -3 war axe (weapon)
Armour
 j - the cursed +0 chain mail "Kualu" (worn) {*Corrode rF++}
   (You found it on level 4 of the Dungeon)

   It greatly protects you from fire.
   It may corrode you when you take damage.
   It has a curse placed upon it.
Jewellery
 c - an uncursed ring of ice
Wands
 l - a wand of lightning (3/15)
 n - a wand of flame (9/48)
Scrolls
 o - a scroll of magic mapping
Potions
 b - a potion of flight {unknown}
 d - a potion of degeneration {unknown}
 k - 3 potions of invisibility {unknown}
Comestibles
 f - 2 royal jellies
 g - 2 bread rations
 i - a fruit
 p - 3 chunks of flesh


   Skills:
 + Level 6.2 Fighting
 * Level 7.9 Axes
 - Level 2.4 Armour
 - Level 2.1 Dodging


You had 5 spell levels left.
You didn't know any spells.

Dungeon Overview and Level Annotations

Branches:
Dungeon (6/15)
 Temple: D:4-7

Altars:
Gozag

Annotations:
D:6 Duvessa


Innate Abilities, Weirdness & Mutations

You reflexively headbutt those who attack you in melee.
You have a pair of horns on your head.


Message History

You feel yourself slow down. The gnoll sergeant barely misses you.
You furiously retaliate!
You headbutt the gnoll sergeant, but do no damage.
You now have 21/57 hp.
You hit the gnoll sergeant. You headbutt the gnoll sergeant.
You feel sick.
The gnoll sergeant hits you with an enchanted spear.
* * * LOW HITPOINT WARNING * * *
The gnoll hits you from afar with a halberd!
* * * LOW HITPOINT WARNING * * *
The gnoll sergeant hits you with an enchanted spear.
* * * LOW HITPOINT WARNING * * *
The gnoll barely misses you. x2
You take 15 damage, and have 6/57 hp.
MASSIVE DAMAGE!!
You closely miss the gnoll sergeant. You closely miss the gnoll.
You hit the gnoll.
You are near starving!
The gnoll hits you from afar with a halberd!
* * * LOW HITPOINT WARNING * * *
The gnoll hits you.
You die...

..........# ..
..........# ..
..........# .#
..........# .#
..........# .#
..........# #.######
.#...h.g..# ........
.....ggg..# <...#
#......g@..# ....#
#..####.#†## ....#
#..# #.#.# #.###
##..####.#.# ....
........#.##
#.########.........#
...................#
..................>#
.<###.#.##.........#


You could see a gnoll sergeant, a hound and 4 gnolls.

Vanquished Creatures
  The ghost of vishdafish the Grave Robber, an amateur DsNe of Qazlal (D:4)
  A bullfrog (D:6)
  A scorpion (D:6)
  A howler monkey (D:6)
  A bullfrog skeleton (D:6)
  An iguana (D:4)
  Ijyb (D:3)
  A worker ant (D:5)
  4 gnolls
  2 adders (D:2)
  An adder skeleton (D:4)
  2 dart slugs
  9 orcs (D:3)
  3 giant cockroaches
  2 goblins (D:2)
  3 hobgoblins (D:1)
  4 jackals (D:6)
  2 bats
  3 frilled lizards
  3 rats
46 creatures vanquished.

Notes
Turn   | Place    | Note
-------+----------+-------------------------------------------
     0 | D:1      | VajrapaniSR the Minotaur Berserker began the quest for the Orb.
     0 | D:1      | Reached XP level 1. HP: 19/19 MP: 0/0
   224 | D:1      | Reached skill level 4 in Axes
   225 | D:1      | Reached XP level 2. HP: 19/27 MP: 1/1
   301 | D:2      | Found an opulent altar of Gozag.
   391 | D:3      | Reached XP level 3. HP: 31/33 MP: 2/2
   495 | D:4      | Noticed an ogre
   497 | D:4      | Reached ** piety under Trog
   521 | D:2      | Reached skill level 5 in Axes
   601 | D:3      | Noticed Ijyb
   612 | D:3      | Killed Ijyb
   612 | D:3      | Reached XP level 4. HP: 38/41 MP: 3/3
   637 | D:4      | Noticed vishdafish's ghost (amateur DsNe)
   673 | D:4      | Killed vishdafish's ghost
   673 | D:4      | Reached skill level 5 in Fighting
   673 | D:4      | Reached skill level 6 in Axes
   673 | D:4      | Reached XP level 5. HP: 26/48 MP: 4/4
   750 | D:4      | Got a fine chain mail
   761 | D:4      | Identified the cursed +0 chain mail "Kualu" {*Corrode rF++} (You found it on level 4 of the Dungeon)
   799 | D:5      | Entered Level 5 of the Dungeon
   857 | D:6      | Reached XP level 6. HP: 57/57 MP: 5/5
   858 | D:6      | Reached skill level 7 in Axes
   875 | D:6      | Noticed Duvessa
   901 | D:5      | HP: 1/57 [gnoll/halberd (7)]
   901 | D:5      | Slain by a gnoll

Skill      XL: |  1  2  3  4  5  6 |
---------------+-------------------+-----
Axes           | 4 5 6 7 |  7.9
Fighting       | 4 5 6 |  6.2
Armour         | |  2.4
Dodging        | |  2.1

Action                   |  1- 3 |  4- 6 || total
-------------------------+-------+-------++-------
Melee: Hand axe          |    37 |       ||    37
       Headbutt          |     6 |    11 ||    17
       War axe           |    38 |    44 ||    82
Invok: Berserk           |     4 |     3 ||     7
       Trog's Hand       |       |     1 ||     1
  Use: Scroll            |     4 |     1 ||     5
  Eat: Chunk             |     2 |     2 ||     4
       Fruit             |       |     2 ||     2
Armor: Animal skin       |     2 |       ||     2
       Scale mail        |    26 |    10 ||    36
       Chain mail        |       |    13 ||    13
Dodge: Dodged            |    35 |    24 ||    59
